AoeStats
← joaqo9909

Black Forest

510323085Analyzed
4v4 RM · 21h ago on Sep 30, 2026· 83m 41s· 8 players
Game mode
Random Map
Map size
Large (8 player)
Population
200
Speed
Normal
Resources
Standard
Victory
Conquest
Starting age
Dark Age
Ending age
Imperial Age
RankedLock teamsTeams togetherTeam positionsShared explorationLock speedFull tech treeHidden civsTurbo modeCheats
Victory
Defeat
🇮🇳 Khmer · India
1017
+15
🇧🇬 Persians · Bulgaria
963
+18
🇦🇷 Poles · Argentina
936
+19
🇩🇪 Britons · Germany
936
+19
🇨🇳 Spanish · China
1059
-21
🇦🇷 Byzantines · Argentina
1041
-19
🇨🇳 Celts · China
1003
-18
🇨🇳 Khmer · China
890
-13
Marustus
1:25 Loom
12:04 Feudal Age
17:40 Castle Age
19:15 Double-Bit Axe
19:17 Horse Collar
21:16 Bow Saw
21:24 Heavy Plow
25:06 Fletching
29:12 Imperial Age
27:29 Town Watch
29:15 Gold Mining
30:41 Ballistics
30:35 Padded Archer Armor
33:08 Gold Shaft Mining
35:27 Conscription
36:12 Bodkin Arrow
36:33 Leather Archer Armor
38:14 Wheelbarrow
38:10 Fortified Wall
38:58 Bracer
40:22 Ring Archer Armor
45:46 Chemistry
44:48 Elite Longbowman
44:54 Elite Longbowman
46:24 Onager
54:23 Caravan
60:48 Hand Cart
64:04 Two-Man Saw
63:14 Town Patrol
joaqo9909
13:11 Feudal Age
19:18 Castle Age
21:23 Horse Collar
23:28 Loom
23:36 Double-Bit Axe
26:45 Heavy Plow
27:09 Forging
27:04 Scale Barding Armor
30:57 Iron Casting
30:43 Chain Barding Armor
31:10 Wheelbarrow
31:25 Light Cavalry
34:46 Imperial Age
32:22 Scale Mail Armor
32:47 Bloodlines
33:03 Bow Saw
33:56 Fortified Wall
33:56 Masonry
34:03 Husbandry
34:22 Chain Mail Armor
34:54 Winged Hussar
35:49 Murder Holes
36:34 Elite Obuch
39:04 Blast Furnace
39:23 Lechitic Legacy
42:04 Hand Cart
44:13 Plate Mail Armor
58:07 Crop Rotation
[WS2] Wanjia Squad YT
0:44 Loom
12:46 Feudal Age
15:56 Castle Age
13:59 Double-Bit Axe
14:52 Horse Collar
17:53 Wheelbarrow
25:48 Stone Mining
26:00 Gold Mining
27:32 Hand Cart
31:15 Imperial Age
29:51 Gold Shaft Mining
29:51 Stone Shaft Mining
29:31 Forging
29:27 Scale Barding Armor
30:53 Iron Casting
30:39 Chain Barding Armor
31:05 Fervor
31:01 Devotion
31:21 Elite Ballista Elephant
32:02 Double Crossbow
32:22 Conscription
33:04 Blast Furnace
32:50 Plate Barding Armor
32:32 Bow Saw
32:29 Heavy Plow
33:41 Chemistry
33:03 Ballistics
33:40 Bloodlines
33:30 Husbandry
34:31 Caravan
34:20 Light Cavalry
36:05 Siege Engineers
37:15 Crop Rotation
37:42 Hussar
40:44 Elite Battle Elephant
41:27 Tusk Swords
58:35 Fletching
65:10 Bodkin Arrow
65:15 Padded Archer Armor
65:43 Elite Skirmisher
67:15 Bracer
67:31 Leather Archer Armor
70:50 Onager
72:06 Onager
FAILEDFEMBOY
11:04 Feudal Age
9:50 Loom
16:09 Castle Age
16:04 Horse Collar
16:17 Double-Bit Axe
17:41 Wheelbarrow
25:28 Heavy Plow
26:57 Bow Saw
30:40 Scale Barding Armor
30:54 Bloodlines
32:08 Husbandry
33:22 Hand Cart
33:26 Forging
34:43 Iron Casting
35:43 Kamandaran
38:40 Imperial Age
36:49 Kamandaran
37:28 Gold Mining
38:16 Elite War Elephant
40:51 Blast Furnace
40:12 Chain Barding Armor
41:10 Gold Shaft Mining
40:59 Conscription
40:51 Citadels
41:54 Hoardings
45:50 Plate Barding Armor
48:33 Caravan
74:45 Guilds
76:03 Padded Archer Armor
76:18 Fletching
76:36 Thumb Ring
75:52 Crossbowman
77:37 Leather Archer Armor
77:18 Bodkin Arrow
78:05 Crop Rotation
79:59 Ring Archer Armor
81:47 Two-Man Saw
赢嘤嘤嘤嘤因
10:14 Feudal Age
14:09 Castle Age
13:42 Double-Bit Axe
13:42 Horse Collar
21:52 Wheelbarrow
23:37 Bow Saw
26:13 Heavy Plow
30:49 Imperial Age
29:24 Hand Cart
28:57 Town Watch
29:06 Gold Mining
30:08 Pikeman
31:24 Town Patrol
31:33 Scale Mail Armor
31:44 Forging
32:40 Chemistry
32:01 Ballistics
32:47 Gold Shaft Mining
32:03 Stone Mining
32:36 Heavy Scorpion
33:48 Loom
33:30 Halberdier
34:13 Capped Ram
35:49 Siege Ram
38:19 Arson
42:12 Chain Mail Armor
42:33 Iron Casting
41:58 Padded Archer Armor
41:49 Fletching
47:00 Stone Shaft Mining
76561199495878758
11:15 Feudal Age
12:08 Horse Collar
12:15 Double-Bit Axe
18:25 Castle Age
20:30 Bow Saw
22:02 Heavy Plow
23:02 Caravan
23:37 Gold Mining
23:40 Stone Mining
27:55 Imperial Age
26:14 Gold Shaft Mining
26:16 Stone Shaft Mining
25:39 Loom
27:27 Wheelbarrow
29:34 Crop Rotation
31:34 Chemistry
31:49 Hand Cart
32:22 Tusk Swords
32:43 Conscription
32:45 Pikeman
33:38 Bloodlines
33:36 Husbandry
35:32 Masonry
34:45 Capped Ram
36:00 Forging
36:16 Double Crossbow
36:59 Hoardings
36:38 Light Cavalry
36:42 Halberdier
37:34 Hussar
39:07 Cavalier
39:15 Elite Battle Elephant
41:46 Sanctity
41:38 Fervor
41:30 Devotion
41:57 Illumination
41:28 Herbal Medicine
42:09 Theocracy
41:46 Redemption
41:31 Elite Ballista Elephant
49:06 Onager
56:53 Elite Skirmisher
Ryn
10:26 Feudal Age
11:49 Double-Bit Axe
15:42 Stone Mining
18:16 Castle Age
16:50 Horse Collar
19:59 Loom
26:39 Heavy Plow
32:17 Imperial Age
32:45 Wheelbarrow
33:26 Conscription
33:35 Onager
35:26 Hand Cart
36:05 Elite Skirmisher
38:58 Fletching
39:11 Padded Archer Armor
40:11 Ballistics
40:52 Chemistry
39:33 Treadmill Crane
39:58 Gold Mining
41:02 Pikeman
41:42 Squires
41:52 Halberdier
44:22 Bodkin Arrow
44:28 Scale Mail Armor
45:16 Bow Saw
47:46 Chain Mail Armor
47:32 Bracer
52:49 Forging
72:07 Plate Mail Armor
72:13 Iron Casting
74:26 Two-Man Saw
74:36 Crop Rotation
79:36 Leather Archer Armor
82:24 Ring Archer Armor
Im Noob
2:06 Loom
11:12 Feudal Age
15:52 Castle Age
19:36 Wheelbarrow
19:42 Wheelbarrow
26:22 Hand Cart
27:07 Double-Bit Axe
27:18 Gold Mining
27:19 Stone Mining
27:57 Horse Collar
28:33 Bow Saw
29:15 Stone Shaft Mining
31:44 Imperial Age
29:29 Fletching
29:39 Padded Archer Armor
29:40 Scale Mail Armor
29:49 Scale Mail Armor
29:55 Town Watch
30:33 Ballistics
30:08 Murder Holes
30:25 Fortified Wall
30:38 Fortified Wall
30:42 Town Patrol
31:20 Bodkin Arrow
31:49 Leather Archer Armor
32:06 Chain Mail Armor
32:47 Conscription
32:49 Scale Barding Armor
32:57 Forging
34:25 Chemistry
34:53 Two-Man Saw
34:21 Husbandry
34:31 Bloodlines
35:05 Heavy Plow
34:31 Cavalier
36:16 Chain Barding Armor
36:31 Iron Casting
36:18 Paladin
39:11 Plate Barding Armor
39:36 Blast Furnace
41:53 Caravan
42:07 Guilds
44:02 Light Cavalry
45:01 Hussar
Connection lost

Rejoining the realm…

Still unreachable

The connection could not be restored.

Session expired

The server has moved on; the page needs a fresh start.